 Dungeon Crawl Stone Soup version 0.22-a0 (webtiles) character file.

1590 KarmaPolice the Slinger (level 9, -1/59 HPs)
             Began as a Halfling Hunter on Dec 31, 2017.
             Was a Follower of Qazlal.
             Slain by an ice beast (2 damage)
             ... on level 8 of the Dungeon.
             The game lasted 00:17:09 (8816 turns).

KarmaPolice the Slinger (Halfling Hunter)           Turns: 8816, Time: 00:17:10

Health: -1/59      AC:  3    Str: 15    XL:     9   Next: 15%
Magic:  0/12       EV: 14    Int:  9    God:    Qazlal [*.....]
Gold:   217        SH:  2    Dex: 16    Spells: 8/8 levels left

rFire    + . .     SeeInvis +   y - +6 rapier of Ru's Whim {vamp, rF+ SInv}
rCold    . . .     Gourm    .   (shield restricted)
rNeg     . . .     Faith    .   c - +0 leather armour
rPois    .         Spirit   +   (no helmet)
rElec    .         Reflect  .   (no cloak)
rCorr    .         Harm     .   (no gloves)
MR       .....                  (no boots)
Stlth    +.........             i - amulet of guardian spirit
HPRegen  0.19/turn              (no ring)
MPRegen  0.13/turn              (no ring)

@: no status effects
A: small, mutation resistance 1
a: Renounce Religion


You were on level 8 of the Dungeon.
You worshipped Qazlal.
Qazlal was aware of your devotion.
You were not hungry.

You visited 1 branch of the dungeon, and saw 8 of its levels.

You collected 217 gold pieces.

Inventory:

Hand Weapons
 a - a +1 hunting sling
 g - a +0 short sword of venom
 y - the +6 rapier of Ru's Whim (weapon) {vamp, rF+ SInv}
   (You found it on level 5 of the Dungeon)

   It inflicts no extra harm, but heals its wielder when it wounds a living foe.
   It protects you from fire.
   It lets you see invisible.
Missiles
 d - 58 sling bullets
 e - 125 stones (quivered)
Armour
 c - a +0 leather armour (worn)
 v - a +2 robe
 w - a cursed +0 chain mail
 x - a +0 shield
Jewellery
 i - an amulet of guardian spirit (around neck)
 A - a cursed -4 ring of strength {unknown}
 B - a cursed ring of loudness {unknown}
Wands
 u - a wand of polymorph (8)
Scrolls
 b - 6 scrolls of remove curse
 h - 2 scrolls of amnesia
 j - a scroll of magic mapping {unknown}
 k - a scroll of enchant armour {unknown}
 m - a scroll of fog
 n - 4 scrolls of identify
 r - 4 scrolls of teleportation
 s - a scroll of immolation {unknown}
 z - a scroll of vulnerability {unknown}
Potions
 l - 3 potions of lignification {unknown}
 o - a potion of curing
 p - 2 potions of flight {unknown}
 q - 2 potions of heal wounds {unknown}
 t - a potion of degeneration {unknown}
 C - a potion of agility {unknown}
Comestibles
 f - 8 rations
 D - 2 chunks of flesh


   Skills:
 - Level 4.7 Fighting
 + Level 6.1 Short Blades
 + Level 9.8 Slings
 + Level 3.3 Armour
 - Level 2.1 Dodging
 - Level 1.1 Stealth
 + Level 5.3 Invocations


You had 8 spell levels left.
You didn't know any spells.

Dungeon Overview and Level Annotations

Branches:
Dungeon (7/15)
 Temple: D:4-7

Altars:
Ashenzari
Qazlal
Vehumet

Shops:
D:4 [   D:6 ==

Annotations:
D:4 Squigly's ghost, amateur GnWn
D:7 1 runed door


Innate Abilities, Weirdness & Mutations

You are small and have problems with some larger weapons.
You are somewhat resistant to further mutation.


Message History

The scorpion stings you.
The hound barks!
A gnoll comes into view. It is wielding a spear.
You block the scorpion's attack.
As you read the scroll labeled GUSEUTE ICLE, it crumbles to dust.
The scroll dissolves into smoke.
It was a scroll of fog.
The two-headed ogre hits you with a giant club!
* * * LOW HITPOINT WARNING * * *
The two-headed ogre barely misses you. The ice beast hits you.
* * * LOW HITPOINT WARNING * * *
The ice beast freezes you!
* * * LOW HITPOINT WARNING * * *
The scorpion stings you.
* * * LOW HITPOINT WARNING * * *
As you read the scroll labeled XAYP GUATI, it crumbles to dust.
It is a scroll of identify.
r - 4 scrolls of teleportation You block the two-headed ogre's attack.
The two-headed ogre closely misses you. The hound barely misses you.
The ice beast hits you.
You die...

..#............
.g.............?
...................
....................
....................
.........§.........#
.../..§h§.........#
......§@Y........#
.....§osO§.......##
......§§§§........#
..................#
...#####..........#
.# ###........#
#........##
##........##
#.........####


You could see a two-headed ogre, an ice beast, a scorpion, a hound, a gnoll and
an orc.

Vanquished Creatures
  Sigmund (D:5)
  The ghost of Apogee the Cudgeler, an amateur DsFi (D:3)
  Menkaure (D:5)
  An ice beast (D:7)
  An ogre (D:5)
  A phantom (D:4)
  2 bullfrogs
  A water moccasin zombie (D:7)
  4 howler monkeys
  An orc wizard (D:6)
  3 hounds
  A bullfrog skeleton (D:4)
  Natasha (thrice) (D:4 D:3)
  Ijyb (D:5)
  2 iguanas
  2 worker ants (D:4)
  A howler monkey zombie (D:7)
  A worker ant zombie (D:5)
  2 gnolls
  10 adders
  2 adder skeletons
  2 dart slugs
  6 leopard geckos
  17 orcs
  2 giant cockroaches
  9 goblins
  7 hobgoblins
  4 quokkas
  2 ball pythons
  6 bats
  3 frilled lizards (D:1)
  A jackal skeleton (D:3)
  4 kobolds
  8 rats
113 creatures vanquished.

Notes
Turn   | Place    | Note
-------+----------+-------------------------------------------
     0 | D:1      | KarmaPolice the Halfling Hunter began the quest for the Orb.
     0 | D:1      | Reached XP level 1. HP: 14/14 MP: 1/1
   258 | D:1      | Reached skill level 6 in Slings
   342 | D:1      | Reached skill level 1 in Short Blades
   342 | D:1      | Reached XP level 2. HP: 6/19 MP: 2/2
   739 | D:1      | Reached XP level 3. HP: 20/24 MP: 3/3
  1480 | D:2      | Reached XP level 4. HP: 27/30 MP: 4/4
  1802 | D:2      | Found a stormy altar of Qazlal.
  1804 | D:2      | Noticed a water elemental
  1804 | D:2      | Noticed a fire elemental
  1805 | D:2      | Noticed an earth elemental
  1805 | D:2      | Noticed an air elemental
  1810 | D:2      | Became a worshipper of Qazlal Stormbringer
  2185 | D:3      | Noticed Apogee's ghost (amateur DsFi)
  2188 | D:3      | Reached XP level 5. HP: 35/36 MP: 5/5
  2575 | D:3      | Reached * piety under Qazlal
  2825 | D:3      | Reached skill level 7 in Slings
  3084 | D:4      | Reached skill level 1 in Invocations
  3311 | D:4      | Found a shattered altar of Ashenzari.
  3349 | D:4      | Reached XP level 6. HP: 42/42 MP: 7/7
  3439 | D:4      | Found Veak's Antique Armour Shoppe.
  3546 | D:3      | Found a radiant altar of Vehumet.
  3674 | D:4      | Noticed Squigly's ghost (amateur GnWn)
  3712 | D:4      | Noticed a phantom
  4195 | D:3      | Killed Apogee's ghost
  4526 | D:4      | Reached XP level 7. HP: 24/46 MP: 8/8
  4729 | D:4      | Noticed Natasha
  4739 | D:4      | Killed Natasha
  4763 | D:4      | Noticed Natasha
  5014 | D:4      | Killed Natasha
  5093 | D:4      | Noticed Natasha
  5240 | D:3      | Killed Natasha
  5240 | D:3      | Reached skill level 8 in Slings
  6746 | D:5      | Entered Level 5 of the Dungeon
  6769 | D:5      | Noticed Sigmund
  6791 | D:5      | Killed Sigmund
  6791 | D:5      | Reached skill level 5 in Short Blades
  6791 | D:5      | Reached XP level 8. HP: 20/54 MP: 2/10
  7026 | D:5      | Noticed Menkaure
  7385 | D:5      | Noticed Ijyb
  7430 | D:5      | Killed Ijyb
  7481 | D:5      | Got a crude rapier
  7623 | D:5      | Killed Menkaure
  7623 | D:5      | Reached skill level 1 in Armour
  7686 | D:5      | Reached skill level 9 in Slings
  7843 | D:6      | Found Rycoq's Jewellery Shoppe.
  8016 | D:6      | Identified the +6 rapier of Ru's Whim {vamp, rF+ SInv} (You found it on level 5 of the Dungeon)
  8352 | D:6      | Found Oggoudif's Jewellery Boutique.
  8609 | D:7      | Reached XP level 9. HP: 59/59 MP: 12/12
  8662 | D:7      | Reached skill level 5 in Invocations
  8777 | D:7      | Found a runed door.
  8788 | D:7      | You fall through a shaft!
  8788 | D:8      | Noticed a two-headed ogre
  8815 | D:8      | HP: 1/59 [scorpion (3)]
  8816 | D:8      | Slain by an ice beast

Vault maps used:
D:1:      roderic_crossed_star, kennysheep_nondescript, minmay_door_square
D:2:      nicolae_qazlal_style_of_elements
D:3:      vehumet_crystals, first_ration, minmay_statues_item,
          kennysheep_flooded_box
D:4:      serial_shops, shop, corexii_hall_statues_x, hex_large,
          evilmike_ruin_ashenzari, uniq_natasha
D:5:      uniq_menkaure, uniq_sigmund, uniq_ijyb
D:6:      minmay_klotski, serial_shops, nicolae_shop_window_shopping,
          nicolae_shop_crystal
D:7:      temple_green, uniq_crazy_yiuf_cottage
D:8:      lair_entry_dummy, enter_ossuary_4

Skill      XL: |  1  2  3  4  5  6  7  8  9 |
---------------+----------------------------+-----
Slings         | 6 7 8 9 |  9.8
Fighting       | 2 3 4 |  4.7
Short Blades   | 1 2 3 4 5 6 |  6.1
Invocations    | 1 2 3 4 5 |  5.3
Armour         | 2 3 |  3.3
Dodging        | |  2.1
Stealth        | |  1.1

Action                   |  1- 3 |  4- 6 |  7- 9 || total
-------------------------+-------+-------+-------++-------
Melee: Short sword       |    57 |   203 |   133 ||   393
       Rapier            |       |       |    60 ||    60
 Fire: Hunting sling     |     1 |       |    59 ||    60
  Use: Scroll            |       |       |     4 ||     4
 Stab: Sleeping          |     4 |     2 |       ||     6
  Eat: Chunk             |     2 |     7 |       ||     9
       Ration            |       |     1 |     5 ||     6
Armor: Leather armour    |    13 |    40 |    19 ||    72
Dodge: Dodged            |    45 |   148 |   123 ||   316
Block: Other             |       |     4 |    17 ||    21

Table legend:
 A = Spawn XP
 B = Non-spawn XP
 C = Spawn XP percentage of total XP
 D = Spawn monster count
 E = Non-spawn monster count
 F = Spawn count percentage of total count
 G = Total turns spent on level
                    A         B        C        D         E        F      G
               +---------+---------+-------+---------+---------+-------+---------
         Total |       0 |    2272 |   0.0 |       0 |     113 |   0.0 |  8816
               +---------+---------+-------+---------+---------+-------+---------
           D:1 |       0 |      41 |   0.0 |       0 |      19 |   0.0 |  1297
           D:2 |       0 |      95 |   0.0 |       0 |      20 |   0.0 |  1382
           D:3 |       0 |     306 |   0.0 |       0 |      30 |   0.0 |  2717
           D:4 |       0 |     376 |   0.0 |       0 |      13 |   0.0 |  1646
           D:5 |       0 |     668 |   0.0 |       0 |      10 |   0.0 |   763
           D:6 |       0 |     366 |   0.0 |       0 |      12 |   0.0 |   787
           D:7 |       0 |     420 |   0.0 |       0 |       9 |   0.0 |   196
               +---------+---------+-------+---------+---------+-------+---------
